PA
EUGENE VANDALS @ MYRTLE BEACH SEAHAWKS
07/30/2042
 
TOP OF THE 1ST
Eugene Vandals batting - Pitching for Myrtle Beach Seahawks : RHP Patrick Amador
Pitching: RHP Patrick Amador
Batting: RHB Jorge Quintana 0-0: Foul Ball, location: 2F
0-1: Ball
1-1: Swinging Strike
1-2: Strikes out swinging
Batting: RHB Ángel Júlio 0-0: Called Strike
0-1: Ground out 6-3 (Groundball, 56, EV 108.1 MPH)
Batting: LHB Roosevelt Cartledge 0-0: Ball
1-0: Swinging Strike
1-1: Called Strike
1-2: Ball
2-2: Ball
3-2: Foul Ball, location: 2F
3-2: Base on Balls
Batting: SHB Dave Richards 0-0: Swinging Strike
0-1: Ball
1-1: Foul Ball, location: 2F
1-2: Ball
2-2: Foul Ball, location: 2F
2-2: Ball
3-2: Foul Ball, location: 2F
3-2: Strikes out looking
Top of the 1st over - 0 runs, 0 hits, 0 errors, 1 left on base; Eugene 0 - Myrtle Beach 0
BOTTOM OF THE 1ST
Myrtle Beach Seahawks batting - Pitching for Eugene Vandals : LHP Gyu-hyun Chong
Pitching: LHP Gyu-hyun Chong
Batting: RHB Andrew Sprinkle 0-0: Ball
1-0: Swinging Strike
1-1: Swinging Strike
1-2: Foul Ball, location: 2F
1-2: Strikes out looking
Batting: LHB John Allen 0-0: Foul Ball, location: 2F
0-1: Swinging Strike
0-2: Ball
1-2: Ball
2-2: SOLO HOME RUN (Flyball, 9D, EV 90.0 MPH), Distance : 391 ft
Batting: RHB Wendel Koudstaal 0-0: Ball
1-0: Called Strike
1-1: Called Strike
1-2: Ground out 5-3 (Groundball, 56, EV 100.0 MPH)
Batting: RHB Cristo Lucas 0-0: DOUBLE (Line Drive, 78M, EV 93.1 MPH)
Batting: LHB Anton Zdravomyslov 0-0: Called Strike
0-1: Ball
1-1: Ball
2-1: Ball
3-1: Base on Balls
Batting: RHB Xavier Botín 0-0: Foul Ball, location: 2F
0-1: Foul Ball, location: 2F
0-2: Ball
1-2: Ball
2-2: Strikes out swinging
Bottom of the 1st over - 1 run, 2 hits, 0 errors, 2 left on base; Eugene 0 - Myrtle Beach 1
TOP OF THE 2ND
Eugene Vandals batting - Pitching for Myrtle Beach Seahawks : RHP Patrick Amador
Batting: RHB Edgar Rodríguez 0-0: Ball
1-0: Called Strike
1-1: Ground out U3 (Groundball, 3L, EV 85.0 MPH)
Batting: RHB Ken Francis 0-0: Foul Ball, location: 2F
0-1: Ball
1-1: Foul Ball, location: 2F
1-2: DOUBLE (Line Drive, 8LXD, EV 107.5 MPH)
Batting: RHB Tim Jarvis 0-0: Ball
1-0: Foul Ball, location: 2F
1-1: Ball
2-1: Ball
3-1: Foul Ball, location: 2F
3-2: Base on Balls
Batting: SHB Carlos Viera 0-0: Fly out, F9 (Flyball, 9S, EV 88.1 MPH)
Batting: RHB Will Ross 0-0: Ball
1-0: Foul Ball, location: 2F
1-1: Foul Ball, location: 2F
1-2: Ball
2-2: Strikes out swinging
Top of the 2nd over - 0 runs, 1 hit, 0 errors, 2 left on base; Eugene 0 - Myrtle Beach 1
BOTTOM OF THE 2ND
Myrtle Beach Seahawks batting - Pitching for Eugene Vandals : LHP Gyu-hyun Chong
Batting: RHB Bartolo Ayala 0-0: Ball
1-0: Fly out, F8 (Line Drive, 8LM, EV 94.4 MPH)
Batting: RHB Darren Gordam 0-0: Swinging Strike
0-1: Foul Ball, location: 2F
0-2: Foul Ball, location: 2F
0-2: Ball
1-2: Foul Ball, location: 2F
1-2: Strikes out swinging
Batting: RHB Nicholas Colling 0-0: Ball
1-0: Ball
2-0: DOUBLE (Groundball, 5L, EV 103.8 MPH)
Batting: RHB Andrew Sprinkle 0-0: Foul Ball, location: 2F
0-1: Ball
1-1: Ground out 5-3 (Groundball, 56, EV 86.2 MPH)
Bottom of the 2nd over - 0 runs, 1 hit, 0 errors, 1 left on base; Eugene 0 - Myrtle Beach 1
TOP OF THE 3RD
Eugene Vandals batting - Pitching for Myrtle Beach Seahawks : RHP Patrick Amador
Batting: RHB Jorge Quintana 0-0: Called Strike
0-1: Swinging Strike
0-2: Ball
1-2: Strikes out swinging
Batting: RHB Ángel Júlio 0-0: SINGLE (Groundball, 6, EV 80.0 MPH) (infield hit)
Batting: LHB Roosevelt Cartledge 0-0: Ball
1-0: Ball
2-0: Foul Ball, location: 2F
2-1: Fielders Choice at 2nd, 4-6 (Groundball, 4, EV 75.6 MPH)
Batting: SHB Dave Richards 0-0: Called Strike
0-1: Ground out 4-3 (Groundball, 4, EV 85.6 MPH)
Top of the 3rd over - 0 runs, 1 hit, 0 errors, 1 left on base; Eugene 0 - Myrtle Beach 1
BOTTOM OF THE 3RD
Myrtle Beach Seahawks batting - Pitching for Eugene Vandals : LHP Gyu-hyun Chong
Batting: LHB John Allen 0-0: Foul Ball, location: 2F
0-1: Ball
1-1: Foul Ball, location: 2F
1-2: Strikes out swinging
Batting: RHB Wendel Koudstaal 0-0: Ball
1-0: Ball
2-0: Called Strike
2-1: Foul Ball, location: 2F
2-2: Ball
3-2: Strikes out swinging
Batting: RHB Cristo Lucas 0-0: Foul Ball, location: 2F
0-1: Foul Ball, location: 2F
0-2: Strikes out swinging
Bottom of the 3rd over - 0 runs, 0 hits, 0 errors, 0 left on base; Eugene 0 - Myrtle Beach 1
TOP OF THE 4TH
Eugene Vandals batting - Pitching for Myrtle Beach Seahawks : RHP Patrick Amador
Batting: RHB Edgar Rodríguez 0-0: Ball
1-0: Swinging Strike
1-1: Ball
2-1: Ball
3-1: Called Strike
3-2: Base on Balls
Batting: RHB Ken Francis 0-0: Called Strike
0-1: Ball
Wild Pitch!
Edgar Rodríguez to second
1-1: SINGLE (Groundball, 6, EV 105.0 MPH) (infield hit)
Edgar Rodríguez to third
Batting: RHB Tim Jarvis 0-0: SINGLE (Groundball, 56D, EV 98.1 MPH)
Edgar Rodríguez scores
Ken Francis to second
Batting: SHB Carlos Viera 0-0: Ball
1-0: SINGLE (Line Drive, 56, EV 96.9 MPH)
Ken Francis to third
Tim Jarvis to second
Batting: RHB Will Ross 0-0: Ball
1-0: Ball
2-0: SINGLE (Groundball, 56D, EV 98.1 MPH)
Ken Francis scores
Tim Jarvis to third
Carlos Viera to second
Batting: RHB Jorge Quintana 0-0: Ball
1-0: Swinging Strike
1-1: Ball
2-1: Foul Ball, location: 2F
2-2: Strikes out swinging
Batting: RHB Ángel Júlio 0-0: Ball
1-0: Fly out, F8 (Flyball, 8LM, EV 98.8 MPH)
Batting: LHB Roosevelt Cartledge 0-0: SINGLE (Line Drive, 9S, EV 106.2 MPH)
Tim Jarvis scores
Carlos Viera to third
Will Ross to second
Batting: SHB Dave Richards 0-0: Foul Ball, location: 2F
0-1: Foul Ball, location: 2F
0-2: Ball
1-2: Strikes out swinging
Top of the 4th over - 3 runs, 5 hits, 0 errors, 3 left on base; Eugene 3 - Myrtle Beach 1
BOTTOM OF THE 4TH
Myrtle Beach Seahawks batting - Pitching for Eugene Vandals : LHP Gyu-hyun Chong
Batting: LHB Anton Zdravomyslov 0-0: Ball
1-0: Foul Ball, location: 2F
1-1: SINGLE (Groundball, 4D, EV 98.8 MPH)
Batting: RHB Xavier Botín 0-0: Ball
1-0: SINGLE (Flyball, 7LM, EV 101.9 MPH)
Anton Zdravomyslov to second
Batting: RHB Bartolo Ayala 0-0: Ball
1-0: Called Strike
1-1: Ball
2-1: Ball
3-1: Foul Ball, location: 2F
3-2: Base on Balls
Anton Zdravomyslov to third
Xavier Botín to second
Batting: RHB Darren Gordam 0-0: Fielders Choice at 2nd, 5-4 (Groundball, 5, EV 87.5 MPH)
Anton Zdravomyslov scores
Xavier Botín to third
Batting: RHB Nicholas Colling 0-0: Ball
1-0: Ball
2-0: Grounds into double play, 5-4-3 (Groundball, 56S, EV 87.5 MPH)
Bottom of the 4th over - 1 run, 2 hits, 0 errors, 1 left on base; Eugene 3 - Myrtle Beach 2
TOP OF THE 5TH
Eugene Vandals batting - Pitching for Myrtle Beach Seahawks : RHP Patrick Amador
Pitching: LHP Adrián Gómez
Batting: RHB Edgar Rodríguez 0-0: Ball
1-0: SINGLE (Groundball, 56D, EV 106.9 MPH)
Batting: RHB Ken Francis 0-0: Foul Ball, location: 2F
0-1: Swinging Strike
0-2: Ball
1-2: Ball
2-2: Fly out, F8 (Flyball, 8RS, EV 78.8 MPH)
Batting: RHB Tim Jarvis 0-0: Ball
1-0: Swinging Strike
1-1: Foul Ball, location: 2F
1-2: Foul Ball, location: 2F
1-2: Strikes out looking
Batting: SHB Carlos Viera 0-0: Ball
1-0: Foul Ball, location: 2F
1-1: SINGLE (Groundball, 25, EV 75.0 MPH) (infield hit)
Edgar Rodríguez to second
Batting: RHB Will Ross 0-0: Ball
1-0: Called Strike
1-1: Fly out, F8 (Line Drive, 8RD, EV 93.8 MPH)
Top of the 5th over - 0 runs, 2 hits, 0 errors, 2 left on base; Eugene 3 - Myrtle Beach 2
BOTTOM OF THE 5TH
Myrtle Beach Seahawks batting - Pitching for Eugene Vandals : LHP Gyu-hyun Chong
Batting: RHB Andrew Sprinkle 0-0: Ball
1-0: Ball
2-0: Foul Ball, location: 2F
2-1: Foul Ball, location: 2F
2-2: Foul Ball, location: 2F
2-2: Ball
3-2: Fly out, F9 (Flyball, 9LS, EV 90.6 MPH)
Batting: LHB John Allen 0-0: Ball
1-0: Called Strike
1-1: Foul Ball, location: 2F
1-2: Ball
2-2: Foul Ball, location: 2F
2-2: Ball
3-2: Foul Ball, location: 2F
3-2: Ground out 4-3 (Groundball, 4D, EV 105.6 MPH)
Batting: RHB Wendel Koudstaal 0-0: Ball
1-0: Called Strike
1-1: Ball
2-1: Swinging Strike
2-2: Ball
3-2: Fly out, F8 (Flyball, 8RD, EV 99.4 MPH)
Bottom of the 5th over - 0 runs, 0 hits, 0 errors, 0 left on base; Eugene 3 - Myrtle Beach 2
TOP OF THE 6TH
Eugene Vandals batting - Pitching for Myrtle Beach Seahawks : LHP Adrián Gómez
Batting: RHB Jorge Quintana 0-0: Called Strike
0-1: Ball
1-1: Swinging Strike
1-2: Ball
2-2: Strikes out swinging
Batting: RHB Ángel Júlio 0-0: Swinging Strike
0-1: Ball
1-1: Ball
2-1: Ground out 5-3 (Groundball, 56S, EV 89.4 MPH)
Pitching: RHP Zack Coffey
Batting: LHB Roosevelt Cartledge 0-0: Called Strike
0-1: Ground out 4-3 (Groundball, 4, EV 86.9 MPH)
Top of the 6th over - 0 runs, 0 hits, 0 errors, 0 left on base; Eugene 3 - Myrtle Beach 2
BOTTOM OF THE 6TH
Myrtle Beach Seahawks batting - Pitching for Eugene Vandals : LHP Gyu-hyun Chong
Batting: RHB Cristo Lucas 0-0: Ball
1-0: Ball
2-0: Ball
3-0: Called Strike
3-1: Base on Balls
Batting: LHB Anton Zdravomyslov 0-0: Ball
1-0: Called Strike
1-1: Swinging Strike
1-2: Ball
2-2: Ball
3-2: Hit by Pitch
Cristo Lucas to second
Pitching: RHP Tommy Moore
Batting: RHB Xavier Botín 0-0: Called Strike
0-1: Grounds into double play, 1-6-3 (Groundball, 13S, EV 68.8 MPH)
Cristo Lucas to third
Batting: RHB Bartolo Ayala 0-0: Foul Ball, location: 2F
0-1: Ball
1-1: Fly out, F8 (Flyball, 8LS, EV 90.6 MPH)
Bottom of the 6th over - 0 runs, 0 hits, 0 errors, 1 left on base; Eugene 3 - Myrtle Beach 2
TOP OF THE 7TH
Eugene Vandals batting - Pitching for Myrtle Beach Seahawks : RHP Zack Coffey
Batting: SHB Dave Richards 0-0: Called Strike
0-1: Swinging Strike
0-2: Ball
1-2: SINGLE (Groundball, 56S, EV 65.6 MPH) (infield hit)
Batting: RHB Edgar Rodríguez 0-0: Foul Ball, location: 2F
0-1: Fly out, F3 (Line Drive, 3, EV 60.6 MPH)
Batting: RHB Ken Francis 0-0: Ball
1-0: Swinging Strike
1-1: Ball
2-1: Fielders Choice at 2nd, 1-4 (Groundball, 25, EV 88.1 MPH)
Batting: RHB Tim Jarvis 0-0: Foul Ball, location: 2F
0-1: Called Strike
Ken Francis is caught stealing 2nd base 2-4
Top of the 7th over - 0 runs, 1 hit, 0 errors, 0 left on base; Eugene 3 - Myrtle Beach 2
BOTTOM OF THE 7TH
Myrtle Beach Seahawks batting - Pitching for Eugene Vandals : RHP Tommy Moore
Batting: RHB Darren Gordam 0-0: Ball
1-0: Ball
2-0: Ball
3-0: Foul Ball, location: 2F
3-1: SINGLE (Line Drive, 7S, EV 90.6 MPH)
Batting: RHB Nicholas Colling 0-0: Sac Bunt to 3S - play at first, batter OUT! 3-1
Darren Gordam to second
Batting: RHB Andrew Sprinkle 0-0: Ball
1-0: Called Strike
1-1: Foul Ball, location: 2F
1-2: Ball
2-2: Ball
3-2: Base on Balls
Batting: LHB John Allen 0-0: Ball
1-0: Called Strike
1-1: Ball
2-1: Foul Ball, location: 2F
2-2: Grounds into double play, 4-6-3 (Groundball, 4, EV 109.4 MPH)
Bottom of the 7th over - 0 runs, 1 hit, 0 errors, 1 left on base; Eugene 3 - Myrtle Beach 2
TOP OF THE 8TH
Eugene Vandals batting - Pitching for Myrtle Beach Seahawks : RHP Zack Coffey
Batting: RHB Tim Jarvis 0-0: Ball
1-0: Foul Ball, location: 2F
1-1: Ball
2-1: Called Strike
2-2: Ground out 4-3 (Groundball, 4, EV 87.5 MPH)
Pitching: RHP Joe Gregg
Batting: SHB Carlos Viera 0-0: Called Strike
0-1: Foul Ball, location: 2F
0-2: Foul Ball, location: 2F
0-2: Ball
1-2: Foul Ball, location: 2F
1-2: Strikes out looking
Batting: RHB Will Ross 0-0: Called Strike
0-1: Ball
1-1: Ball
2-1: Ball
3-1: Base on Balls
Batting: RHB Jorge Quintana 0-0: Ball
1-0: Called Strike
1-1: Ball
2-1: SINGLE (Line Drive, 78S, EV 106.2 MPH)
Will Ross to second
Runner from 2nd tries for 3rd, SAFE, throw by LF made to third
Batting: RHB Ángel Júlio 0-0: Called Strike
0-1: Ball
1-1: DOUBLE (Line Drive, 9LS, EV 98.8 MPH)
Will Ross scores
Jorge Quintana to third
Runner from 3rd tries for Home, SAFE, throw by RF to trailing runner, SAFE at third!
Batting: LHB Roosevelt Cartledge 0-0: Ball
1-0: SINGLE (Groundball, 34D, EV 96.2 MPH)
Ángel Júlio scores
Pitching: RHP Roberto Córdova
Batting: SHB Dave Richards 0-0: Ball
1-0: Ground out U3 (Groundball, 34, EV 83.8 MPH)
Top of the 8th over - 3 runs, 3 hits, 0 errors, 1 left on base; Eugene 6 - Myrtle Beach 2
BOTTOM OF THE 8TH
Myrtle Beach Seahawks batting - Pitching for Eugene Vandals : RHP Tommy Moore
Batting: RHB Wendel Koudstaal 0-0: Foul Ball, location: 2F
0-1: SINGLE (Line Drive, 8RS, EV 95.6 MPH)
Batting: RHB Cristo Lucas 0-0: Ball
1-0: Swinging Strike
1-1: Foul Ball, location: 2F
1-2: Grounds into double play, 6-4-3 (Groundball, 6, EV 91.2 MPH)
Batting: LHB Anton Zdravomyslov 0-0: Ball
1-0: Ball
2-0: Called Strike
2-1: Ball
3-1: Called Strike
3-2: Base on Balls
Batting: RHB Xavier Botín 0-0: Ball
1-0: Ball
2-0: Foul Ball, location: 2F
2-1: Ball
3-1: Foul Ball, location: 2F
3-2: Foul Ball, location: 2F
3-2: SINGLE (Groundball, 34D, EV 99.4 MPH)
Anton Zdravomyslov to second
Anton Zdravomyslov to third
Batting: RHB Bartolo Ayala 0-0: Called Strike
0-1: Called Strike
0-2: Strikes out swinging
Bottom of the 8th over - 0 runs, 2 hits, 0 errors, 2 left on base; Eugene 6 - Myrtle Beach 2
TOP OF THE 9TH
Eugene Vandals batting - Pitching for Myrtle Beach Seahawks : RHP Roberto Córdova
Batting: RHB Edgar Rodríguez 0-0: Ball
1-0: Ball
2-0: SINGLE (Groundball, 56D, EV 99.4 MPH)
Batting: RHB Ken Francis 0-0: Called Strike
0-1: Foul Ball, location: 2F
0-2: SINGLE (Groundball, 56S, EV 71.9 MPH) (infield hit)
Edgar Rodríguez to second
Batting: RHB Tim Jarvis 0-0: Bunted foul
0-1: Sac Bunt to 2L - play at first, batter OUT! 2-4
Edgar Rodríguez to third
Ken Francis to second
Batting: SHB Carlos Viera 0-0: Called Strike
0-1: Ball
1-1: Ball
2-1: Foul Ball, location: 2F
2-2: Ball
3-2: Foul Ball, location: 2F
3-2: Fly out, F7 (Flyball, 7LM, EV 104.4 MPH)
Runner from 3rd tags up, SCORES, throw by LF
Batting: RHB Will Ross 0-0: Called Strike
0-1: Ball
1-1: Foul Ball, location: 2F
1-2: Ball
2-2: Strikes out looking
Top of the 9th over - 1 run, 2 hits, 0 errors, 1 left on base; Eugene 7 - Myrtle Beach 2
BOTTOM OF THE 9TH
Myrtle Beach Seahawks batting - Pitching for Eugene Vandals : RHP Tommy Moore
Batting: RHB Darren Gordam 0-0: Ball
1-0: Fly out, F9 (Flyball, 9S, EV 91.9 MPH)
Batting: RHB Nicholas Colling 0-0: Ball
1-0: Ball
2-0: Ball
3-0: Base on Balls
Pitching: RHP Hugo Pińón
Batting: RHB Andrew Sprinkle 0-0: Called Strike
0-1: Ball
1-1: Foul Ball, location: 2F
1-2: Strikes out swinging
Batting: LHB John Allen 0-0: Ball
1-0: 2-RUN HOME RUN (Flyball, 78XD, EV 98.8 MPH) (Inside the Park)
Batting: RHB Wendel Koudstaal 0-0: Ball
1-0: Ground out 4-3 (Groundball, 4, EV 97.5 MPH)
Bottom of the 9th over - 2 runs, 1 hit, 0 errors, 0 left on base; Eugene 7 - Myrtle Beach 4
Friday, March 26th, 2021 - OOTP Baseball 20.8 Build 74